Map: Ice and Chrome LE

Players

DPGPartinG (PartinG) - Winner!

  • Race: Protoss Protoss
  • League: Grandmaster
  • Spawn Location: 7:00

Dear

  • Race: Protoss Protoss
  • Spawn Location: 1:00

Event: War Chest Team League

VOD

Have the link to the VOD?

Description

Time

  • Played on: Aug. 7, 2020, 6:14 a.m.
  • Length: 12:27

All games in this series

Show
View Real Time Build Order
Export as new Build Order

DPGPartinG Protoss - Winner!

Build Orders:  

Get SALT Encoding   

  12  0:00  Probe  
  13  0:12  Probe  
  14  0:17  Pylon  
  14  0:24  Probe (Chrono Boost)  
  15  0:36  Probe (Chrono Boost)  
  15  0:37  Gateway  
  16  0:44  Probe (Chrono Boost)  
  16  0:45  Assimilator  
  17  0:50  Probe  
  17  0:54  Assimilator  
  18  1:03  Probe (Chrono Boost)  
  19  1:07  Gateway  
  19  1:13  Probe (Chrono Boost)  
  19  1:17  Probe (Chrono Boost)  
  20  1:23  Cybernetics Core  
  21  1:29  Probe  
  22  1:35  Pylon  
  22  1:41  Probe  
  23  1:53  Probe  
  24  1:57  Warp Gate (Chrono Boost)  
  24  1:59  Stalker  
  26  2:03  Stalker  
  26  2:06  Probe  
  26  2:08  Pylon  
  29  2:18  Probe  
  30  2:29  Stalker  
  32  2:33  Stalker  
  33  2:51  Nexus  
  33  2:54  Probe  
  34  3:03  Pylon  
  34  3:06  Probe  
  35  3:15  Robotics Facility  
  35  3:18  Probe (Chrono Boost)  
  37  3:28  Probe (Chrono Boost)  
  37  3:31  Forge  
  37  3:33  Probe (Chrono Boost)  
  38  3:41  Adept x2  
  38  3:45  Probe  
  43  3:57  Shield Battery, Probe  
  43  3:58  Pylon  
  42  4:05  Sentry x2, Probe  
  48  4:10  Observer  
  48  4:12  Protoss Ground Weapons Level 1  
  48  4:28  Adept  
  48  4:29  Adept  
  48  4:33  Immortal (Chrono Boost)  
  52  4:39  Photon Cannon  
  52  4:47  Observer  
  52  4:48  Shield Battery  
  52  4:50  Sentry  
  52  4:52  Adept  
  56  4:54  Shield Battery  
  56  4:58  Probe x2  
  58  5:04  Warp Prism (Chrono Boost)  
  58  5:12  Probe x2  
  62  5:17  Stalker  
  64  5:22  Stalker  
  64  5:27  Probe x2  
  68  5:29  Pylon  
  68  5:30  Observer  
  68  5:34  Pylon  
  68  5:43  Probe x2  
  68  5:44  Immortal (Chrono Boost)  
  74  5:55  Twilight Council  
  74  5:57  Assimilator  
  74  5:58  Assimilator  
  74  6:01  Probe x2  
  74  6:02  Pylon  
  76  6:07  Gateway  
  76  6:13  Pylon  
  76  6:15  Probe x2  
  78  6:24  Protoss Ground Weapons Level 2 (Chrono Boost)  
  78  6:27  Charge  
  78  6:31  Gateway  
  78  6:32  Gateway  
  78  6:39  Gateway  
  78  6:42  Probe x2  
  78  6:44  Observer  
  81  6:56  Nexus  
  81  6:58  Pylon  
  81  7:00  Probe x2  
  83  7:12  Zealot x3  
  89  7:22  Gateway  
  89  7:24  Gateway  
  87  7:38  Pylon  
  87  7:39  Probe x2  
  87  7:40  Templar Archives  
  89  7:44  Zealot x4  
  89  7:46  Observer  
  97  7:53  Zealot x2  
  97  7:54  Probe  
  102  8:05  Shield Battery  
  102  8:07  Shield Battery  
  102  8:11  Zealot  
  102  8:12  Zealot x2  
  98  8:24  High Templar x4, Zealot  
  99  8:28  Archon x2  
  99  8:30  Observer  
  99  8:33  Zealot x2  
  99  8:34  Zealot  
  89  8:37  Immortal (Chrono Boost)  
  90  8:46  Zealot  
  89  8:56  High Templar x2  
  89  8:57  High Templar x2  
  89  9:00  Archon  
  89  9:01  Archon  
  89  9:02  Zealot x2  
  101  9:08  Zealot  
  101  9:09  Zealot  
  81  9:23  Zealot x2  
  77  9:29  Zealot x3  
  83  9:36  High Templar x2  
  83  9:37  Zealot  
  87  9:40  Archon  
  87  9:48  High Templar x2  
  90  9:53  Archon  
  90  10:00  Zealot x4  
  90  10:04  Immortal (Chrono Boost)  
  98  10:14  Zealot x2  
  102  10:27  Zealot  
  102  10:30  Pylon x2  
  102  10:31  Pylon  
  102  10:40  Photon Cannon  
  96  10:54  Stalker  
  96  10:55  Stalker, Nexus  
  100  11:01  High Templar x2, Zealot x2  
  108  11:05  Archon  
  108  11:07  Zealot x2  
  108  11:31  Zealot x2  
  108  11:32  Zealot x4  
  88  11:56  Zealot x8  
  92  12:20  Nexus  
Show
View Real Time Build Order
Export as new Build Order

Dear Protoss 

Build Orders: Phoenix Opening 

Get SALT Encoding   

  12  0:00  Probe  
  13  0:12  Probe  
  14  0:17  Pylon  
  14  0:24  Probe (Chrono Boost)  
  15  0:36  Probe (Chrono Boost)  
  15  0:37  Gateway  
  16  0:45  Assimilator, Probe (Chrono Boost)  
  17  0:51  Probe  
  17  0:54  Assimilator  
  18  1:03  Probe (Chrono Boost)  
  19  1:07  Gateway  
  19  1:12  Probe (Chrono Boost)  
  19  1:17  Probe (Chrono Boost)  
  20  1:24  Cybernetics Core  
  21  1:29  Probe  
  22  1:34  Pylon  
  22  1:41  Probe  
  23  1:53  Probe  
  24  2:01  Stalker, Sentry  
  28  2:02  Warp Gate  
  28  2:05  Pylon  
  28  2:29  Stalker  
  30  2:30  Stalker  
  30  2:34  Phoenix  
  31  2:39  Robotics Facility  
  31  2:55  Nexus  
  31  3:01  Sentry  
  31  3:05  Shield Battery  
  33  3:07  Probe  
  34  3:14  Pylon  
  34  3:29  Immortal (Chrono Boost)  
  34  3:33  Probe  
  39  3:46  Probe  
  40  3:51  Stalker  
  40  3:52  Stalker  
  43  3:58  Probe  
  42  4:06  Warp Prism (Chrono Boost)  
  44  4:18  Adept  
  44  4:22  Adept  
  46  4:30  Probe x2 (Chrono Boost)  
  47  4:36  Observer  
  48  4:42  Sentry x2, Probe (Chrono Boost)  
  48  4:43  Probe (Chrono Boost)  
  54  4:48  Probe x2 (Chrono Boost)  
  56  4:56  Probe  
  56  4:57  Probe  
  58  5:01  Pylon  
  58  5:08  Probe  
  58  5:09  Probe  
  60  5:20  Immortal  
  65  5:21  Probe x2 (Chrono Boost)  
  64  5:28  Pylon  
  64  5:33  Probe (Chrono Boost)  
  64  5:34  Probe (Chrono Boost)  
  66  5:42  Probe x2 (Chrono Boost)  
  66  5:49  Assimilator  
  68  5:50  Forge  
  68  5:51  Assimilator  
  68  5:52  Twilight Council  
  68  5:53  Probe  
  68  5:54  Probe  
  69  5:59  Observer  
  69  6:02  Protoss Ground Weapons Level 1  
  70  6:05  Probe  
  70  6:06  Pylon, Probe  
  72  6:17  Pylon, Probe  
  72  6:18  Probe  
  74  6:21  Gateway  
  74  6:23  Gateway  
  74  6:24  Blink (Chrono Boost)  
  74  6:38  Gateway x2  
  74  6:53  Stalker  
  74  6:54  Stalker  
  78  6:56  Probe  
  79  7:02  Pylon  
  77  7:12  Shield Battery  
  75  7:16  Nexus  
  75  7:34  Stalker x6  
  75  7:36  Pylon  
  87  7:42  Pylon  
  87  7:56  Stalker  
  87  7:57  Stalker x4  
  87  7:58  Stalker  
  99  8:21  Stalker x5  
  109  8:27  Stalker  
  109  8:45  Stalker  
  109  8:46  Stalker x4  
  119  8:51  Stalker  
  111  9:14  Adept x6  
  65  9:36  Probe x3  
  68  9:39  Stalker x6  
  80  9:50  Robotics Bay, Probe x2 (Chrono Boost)  
  80  9:51  Probe (Chrono Boost)  
  83  9:57  Protoss Ground Weapons Level 2 (Chrono Boost)  
  86  10:00  Probe x3 (Chrono Boost)  
  86  10:15  Robotics Facility  
  86  10:18  Photon Cannon  
  86  10:20  Shield Battery  
  86  10:36  Sentry, Assimilator x2, Disruptor (Chrono Boost)  
  87  10:54  Stalker x5  
  87  10:56  Pylon  
  97  10:59  Disruptor (Chrono Boost)  
  97  11:02  Disruptor (Chrono Boost)  
  100  11:10  Shield Battery  
  103  11:12  Shield Battery x2  
  103  11:17  Stalker x2  
  103  11:18  Stalker x4  
  109  11:32  Disruptor (Chrono Boost)  
  83  11:41  Stalker  
  83  11:42  Stalker x4  
  68  12:13  Stalker x2  
Tags
 
Add a new tag
Caveats
  • Supply blocks, unpowered buildings, or Contaminate may cause inaccurate times.
  • Supply counts are checked every 10 seconds.